 Dungeon Crawl Stone Soup version 0.28-a0-1415-g7c84da036a (webtiles) character file.

Game seed: 7734631755109798012

5857 grumblor the Shield-Bearer (level 10, -4/51 HPs)
             Began as a Vine Stalker Fighter on Jan 7, 2022.
             Was a Believer of Sif Muna.
             Killed by vampiric draining
             ... invoked by a vampire
              (12 damage)
             ... on level 9 of the Dungeon.
             The game lasted 00:19:37 (8002 turns).

grumblor the Shield-Bearer (Vine Stalker Fighter)   Turns: 8002, Time: 00:19:38

Health: -4/51      AC: 14    Str: 23    XL:     10   Next: 81%
Magic:  0/18       EV:  5    Int:  8    God:    Sif Muna [**....]
Gold:   1296       SH: 16    Dex: 14    Spells: 19/19 levels left

rFire   . . .      SeeInvis .   a - +1 war axe (venom)
rCold   . . .      Faith    .   g - +1 tower shield
rNeg    . . .      Spirit   +   u - +0 plate armour
rPois   .          Reflect  .   v - +0 helmet
rElec   .          Harm     .   q - +0 cloak
rCorr   .          Rampage  .   (no gloves)
Will    +....                   (no boots)
Stlth   ..........              (no amulet)
HPRegen 0.97/turn               (no ring)
MPRegen 0.16/turn               (no ring)

@: no status effects
A: fangs 3, regeneration 1, magic shield, antimagic bite, no potion heal 2
a: Renounce Religion, Channel Magic


You were on level 9 of the Dungeon.
You worshipped Sif Muna.
Sif Muna was pleased with you.
You visited 2 branches of the dungeon, and saw 10 of its levels.
You also visited: Sewer and Bailey.

You collected 1296 gold pieces.

Inventory:

Hand Weapons
 a - a +1 war axe of venom (weapon)
 h - a +0 war axe
 E - a +0 scimitar of flaming
Missiles
 i - 67 poisoned darts (quivered)
 k - 3 boomerangs
 t - 5 silver javelins
Armour
 g - a +1 tower shield (worn)
 q - a +0 cloak (worn)
 u - a +0 plate armour (worn)
 v - a +0 helmet (worn)
Wands
 y - a wand of charming (7)
 z - a wand of paralysis (12)
 C - a wand of acid (6)
Scrolls
 e - 2 scrolls of brand weapon
 A - 2 scrolls of enchant armour
 B - a scroll of blinking
 D - a scroll of teleportation
Potions
 b - 3 potions of magic
 c - 2 potions of curing
 d - 4 potions of might
 f - 2 potions of mutation
 j - 3 potions of cancellation
 m - 10 potions of heal wounds {unknown}
 n - 4 potions of lignification
 o - 4 potions of haste
 p - 3 potions of invisibility
 r - 2 potions of flight {unknown}
 s - 2 potions of ambrosia {unknown}
 w - a potion of resistance
Miscellaneous
 l - a lightning rod (inert)


   Skills:
 + Level 4.4 Fighting
 * Level 6.1 Axes
 - Level 4.0 Throwing
 * Level 4.8 Armour
 - Level 4.0 Dodging
 * Level 7.5 Shields
 * Level 5.1 Spellcasting
 * Level 3.8 Invocations
 - Level 4.0 Evocations


You had 19 spell levels left.
You didn't know any spells.
Your spell library contained the following spells:

 Spells                   Type           Power      Damage    Failure   Level
 Animate Skeleton         Necr           4%         N/A       100%        1
 Apportation              Tloc           4%         N/A       100%        1
 Foxfire                  Conj/Fire      8%         2x1d4     100%        1
 Pain                     Necr           8%         1d4       100%        1
 Sting                    Tmut/Pois      8%         1d3       100%        1
 Passwall                 Tmut/Erth      1%         N/A       100%        2
 Poisonous Vapours        Pois/Air       4%         N/A       100%        2
 Scorch                   Fire           4%         2d5       100%        2
 Confusing Touch          Hex            2%         N/A       100%        3
 Conjure Flame            Conj/Fire      2%         6-21      100%        3
 Inner Flame              Hex/Fire       2%         N/A       100%        3
 Swiftness                Air            2%         N/A       100%        3
 Vampiric Draining        Necr           2%         2d6       100%        3
 Flame Wave               Conj/Fire      2%         2d4       100%        4
 Olgreb's Toxic Radiance  Pois           2%         N/A       100%        4
 Alistair's Intoxication  Tmut/Pois      1%         N/A       100%        5
 Yara's Violent Unravell  Hex/Tmut       1%         3d3       100%        5
 Summon Cactus Giant      Summ           1%         N/A       100%        6
 Enfeeble                 Hex            1%         N/A       100%        7


Dungeon Overview and Level Annotations

Branches:
Dungeon (9/15)             Temple (1/1) D:5            Lair (0/6) D:9
  Sewer (visited)          Bailey (visited)
    Orc: D:9-12

Altars:
Ashenzari
Cheibriados
Dithmenos
Elyvilon
Hepliaklqana
Kikubaaqudgha
Makhleb
Okawaru
Ru
Sif Muna
Trog
Vehumet
Wu Jian
The Shining One

Shops:
D:1 !   D:5 *   D:9 (


Innate Abilities, Weirdness & Mutations

You have razor-sharp teeth.
Your natural rate of healing is unusually fast.
When hurt, damage is shared between your health and your magic reserves.
Your bite disrupts and absorbs the magic of your enemies.
Potions cannot restore your health.


Message History

The vampire is lightly damaged.
The vampire hits you but does no damage.
The vampire bites you.
The vampire draws strength from your injuries!
The vampire hits you but does no damage.
You block the vampire's attack.
You closely miss the vampire. Your bite misses the vampire.
The vampire is lightly damaged.
The vampire gestures wildly while chanting.
The vampire flickers and vanishes!
Deactivating autopickup; reactivate with Ctrl-A.
Unknown command.
You miss something. Your bite misses something. Something hits you.
Something bites you but does no damage. Something hits you.
Something bites you but does no damage.
Unknown command.
You hit something but do no damage. Your bite misses something.
Something hits you but does no damage. Something completely misses you.
Unknown command.
You miss something. You bite something. You drain its magic.
You feel invigorated. Something hits you! You block something's attack.
Something hits you but does no damage. You block something's attack.
Unknown command.
You slice something!! Something hits you but does no damage.
You block something's attack.
Unknown command.
You aren't carrying any pieces of jewellery.
You miss something. Your bite misses something.
Something hits you but does no damage. Something bites you but does no damage.
Something hits you! Something bites you.
Something draws strength from your injuries!
You hit something. Your bite misses something. Something hits you!
* * * LOW HITPOINT WARNING * * *
You block something's attack.
You hit something but do no damage. Your bite misses something.
Something hits you but does no damage. Something bites you!
* * * LOW HITPOINT WARNING * * *
Something draws strength from your injuries!
Something draws life force from you!
You die...

############ #
.......#.....#....# #
.......#.....'....# #
.......#.....#....# #
.......#.....#....# #
.......####'##....#
.......#.⌠#.#.....#
........###.###...#
........{@.∩..'...#
.......####.###...#
.......## #.#⌠....#
.......#..#+##....# .....
.......#.....#....#......
.......#.....'....#.......
.......#.....#....#......#
.......#.....##'###.......
#######........(...


There were no monsters in sight!

Vanquished Creatures
  Erica (D:9)
  A two-headed ogre (D:6)
  Pikel (D:3)
  2 komodo dragons
  2 hornets
  Sigmund (D:6)
  A vampire (D:7)
  A steam dragon (D:6)
  2 water moccasins
  An acid dragon (D:9)
  Pargi (Sewer)
  4 orc warriors
  A black bear (D:6)
  An ogre (D:4)
  2 sky beasts
  4 centaurs
  A lemure (D:4)
  2 kobold brigands
  3 bullfrogs
  A scorpion (D:5)
  A wyvern zombie (D:6)
  A water moccasin skeleton (D:4)
  2 howler monkeys
  Crazy Yiuf (D:4)
  3 hounds
  An orc priest (D:6)
  4 jellies
  4 iguanas
  7 orc wizards
  A hound zombie (D:5)
  2 howler monkey zombies (D:8)
  9 gnolls (Bailey)
  6 adders
  A river rat (D:3)
  A shadow imp (D:7)
  2 white imps (D:6)
  An adder skeleton (D:4)
  A worm (D:2)
  2 dart slugs
  43 orcs
  11 bats
  4 endoplasms
  2 giant cockroaches
  11 goblins
  4 hobgoblins
  3 jackals (D:1)
  14 kobolds
  5 quokkas
  5 ball pythons
  3 frilled lizards
  5 rats
193 creatures vanquished.

Vanquished Creatures (others)
  A fungus (D:1)
  5 plants
6 creatures vanquished.

Grand Total: 199 creatures vanquished

Notes
Turn   | Place    | Note
-------+----------+-------------------------------------------
     0 | D:1      | grumblor the Vine Stalker Fighter began the quest for the
                  | Orb.
     0 | D:1      | Reached XP level 1. HP: 11/11 MP: 2/2
   482 | D:1      | Reached XP level 2. HP: 10/16 MP: 3/3
   877 | D:1      | Found a faded altar of an unknown god.
   895 | D:1      | Reached skill level 3 in Shields
  1065 | D:1      | Reached XP level 3. HP: 17/19 MP: 2/4
  1164 | D:1      | Found Todgh's Distillery.
  1416 | D:2      | Identified a scroll of acquirement
  1416 | D:2      | Acquired 797 gold pieces
  1776 | D:3      | Reached skill level 1 in Spellcasting
  1959 | D:3      | Gained mutation: Your natural rate of healing is unusually
                  | fast. [Vine Stalker growth]
  1959 | D:3      | Reached XP level 4. HP: 17/23 MP: 3/6
  1985 | D:3      | Found a glowing drain.
  2002 | Sewer    | Entered a sewer
  2078 | Sewer    | Noticed Pargi
  2086 | Sewer    | Killed Pargi
  2087 | Sewer    | Reached skill level 1 in Dodging
  2087 | Sewer    | Reached XP level 5. HP: 17/28 MP: 5/8
  2284 | D:3      | Reached skill level 1 in Throwing
  2284 | D:3      | Reached skill level 4 in Shields
  2670 | D:4      | Noticed an ogre
  2685 | D:4      | Killed an ogre
  2686 | D:4      | Reached XP level 6. HP: 14/32 MP: 1/9
  3124 | D:4      | Reached skill level 1 in Evocations
  3124 | D:4      | Reached XP level 7. HP: 31/36 MP: 9/11
  3181 | D:4      | Noticed Pikel
  3226 | D:3      | Killed Pikel
  3227 | D:3      | Gained mutation: You have razor-sharp teeth. [Vine Stalker
                  | growth]
  3227 | D:3      | Reached XP level 8. HP: 31/40 MP: 4/13
  3445 | D:4      | Found a runed translucent door.
  3446 | D:4      | Noticed Crazy Yiuf
  3532 | D:4      | Found a sacrificial altar of Ru.
  3532 | D:4      | Found an iron altar of Okawaru.
  3535 | D:4      | Found a burning altar of Makhleb.
  3638 | D:4      | Killed Crazy Yiuf
  3669 | D:5      | Entered Level 5 of the Dungeon
  3789 | D:5      | Reached skill level 5 in Shields
  3838 | D:5      | Found a staircase to the Ecumenical Temple.
  3843 | Temple   | Entered the Ecumenical Temple
  3898 | Temple   | Became a worshipper of Sif Muna the Loreminder
  3951 | D:5      | Found Bionnimn's General Store.
  4623 | D:6      | Noticed Sigmund
  4633 | D:6      | Killed Sigmund
  4634 | D:6      | Reached skill level 1 in Invocations
  4873 | D:6      | Reached XP level 9. HP: 45/45 MP: 12/15
  4873 | D:6      | Noticed a komodo dragon
  4899 | D:6      | Killed a komodo dragon
  4928 | D:6      | Noticed a two-headed ogre
  4950 | D:6      | Killed a two-headed ogre
  4951 | D:6      | Reached skill level 5 in Axes
  4951 | D:6      | Reached skill level 6 in Shields
  4991 | D:6      | Reached * piety under Sif Muna
  5543 | D:7      | Found a glowing golden altar of the Shining One.
  5548 | D:7      | Reached XP level 10. HP: 49/49 MP: 17/17
  5657 | D:7      | HP: 1/49 [something (7)]
  5681 | D:7      | Found a flagged portal.
  5698 | Bailey   | Entered a bailey
  5988 | Bailey   | Reached ** piety under Sif Muna
  7038 | D:8      | Reached skill level 7 in Shields
  7650 | D:9      | Found a staircase to the Lair.
  7777 | D:9      | Reached skill level 5 in Spellcasting
  7885 | D:9      | Noticed Erica
  7896 | D:9      | Killed Erica
  7951 | D:9      | Found Liyczirph's Weapon Boutique.
  8002 | D:9      | Killed from afar by a vampire

Illustrated notes

Levels and vault maps discovered:
D:1:      heliophobic_arrival_enchanted_forest, layout_basic, serial_shops,
          nicolae_shop_window_shopping, shapermc_ecumenical_altar_ellora
D:2:      layout_rooms
D:3:      layout_loops_cross, gup_sewer_entry_bubbles
D:4:      layout_basic, minitemple, uniq_crazy_yiuf_cottage, uniq_pikel
D:5:      layout_loops_corners, minmay_temple_entry_glassed_door, serial_shops,
          shop, minmay_fountain_box
D:6:      layout_loops_ring, uniq_sigmund
D:7:      nicolae_cairo_tiling_large, layout_loops_ring, lemuel_round_altar,
          enter_bailey_5
D:8:      layout_basic
D:9:      layout_grid_maze, david_lair_shrubbed, serial_shops,
          nicolae_inconvenience_store,
          nicolae_shop_temple_entry_statues_fountains,
          nicolae_shop_hallway_plus, uniq_erica
Temple:   hc_temple_tempest_star

Skill      XL: |  1  2  3  4  5  6  7  8  9 10 |
---------------+-------------------------------+-----
Shields        | 3 4 5 6 7 |  7.5
Axes           | 2 3 4 5 6 |  6.1
Spellcasting   | 1 2 3 4 5 |  5.1
Dodging        | 1 2 3 4 |  4.0
Throwing       | 1 2 3 4 |  4.0
Fighting       | 3 4 |  4.4
Armour         | 3 4 |  4.8
Evocations     | 1 2 3 4 |  4.0
Invocations    | 1 2 3 |  3.8

Action                   |  1- 3 |  4- 6 |  7- 9 | 10-12 || total
-------------------------+-------+-------+-------+-------++-------
Melee: War axe           |   105 |    78 |   183 |   183 ||   549
       Bite              |    21 |    20 |    57 |    56 ||   154
Throw: Dart              |       |     1 |     9 |     5 ||    15
Invok: Channel Magic     |       |       |       |     1 ||     1
Evoke: Lightning rod     |       |       |       |     4 ||     4
       Wand              |       |       |       |     1 ||     1
  Use: Scroll            |     5 |     4 |     5 |     5 ||    19
       Potion            |       |       |       |     2 ||     2
 Stab: Sleeping          |       |     1 |       |       ||     1
Armor: Scale mail        |    51 |    12 |       |       ||    63
       Troll leather arm |       |     8 |    29 |       ||    37
       Plate armour      |       |       |    34 |   101 ||   135
Dodge: Dodged            |    25 |    18 |    34 |    44 ||   121
Block: Buckler           |    13 |       |       |       ||    13
       Tower shield      |    30 |    77 |   167 |   216 ||   490

Table legend: (Time is in decaauts)
 A = Elapsed time spent in this place.
 B = Non-inter-level travel time spent in this place.
 C = Inter-level travel time spent in this place.
 D = Time resting spent in this place.
 E = Time spent auto-exploring this place.
 F = Levels seen in this place.
 G = Mean time per level.
                   A        B        C        D        E       F      G
               +--------+--------+--------+--------+--------+-----+--------+
         Total |   8401 |   8164 |    237 |    146 |   5998 |  12 |  700.1 |
       Dungeon |   7675 |   7452 |    223 |     41 |   5707 |   9 |  852.8 |
        Temple |     71 |     58 |     13 |      0 |     42 |   1 |   71.0 |
         Sewer |    208 |    208 |      0 |      0 |    149 |   1 |  208.0 |
        Bailey |    446 |    446 |      0 |    105 |    100 |   1 |  446.0 |
               +--------+--------+--------+--------+--------+-----+--------+

Top non-repeatable levels by time:
     D:1: 1242 daAuts
     D:4: 1040 daAuts
     D:5: 909 daAuts
     D:6: 900 daAuts
     D:7: 872 daAuts
     D:3: 770 daAuts
     D:8: 751 daAuts
     D:9: 604 daAuts
     D:2: 584 daAuts
  Bailey: 446 daAuts
   Sewer: 208 daAuts
  Temple: 71 daAuts
